 Dungeon Crawl Stone Soup version 0.31-a0-185-g9dded2c639 (webtiles) character file.

Game seed: 12663858573930297638

49 qw the Shooter (level 3, -5/20 HPs)
             Began as a Deep Elf Hunter on June 22, 2023.
             Slain by a worm (10 damage)
             ... on level 2 of the Dungeon.
             The game lasted 00:00:19 (1030 turns).

qw the Shooter (Deep Elf Hunter)                    Turns: 1030, Time: 00:00:20

Health: -5/20      AC:  3    Str: 10    XL:     3   Next: 53%
Magic:  5/5        EV: 12    Int: 13    God:
Gold:   30         SH:  0    Dex: 18    Spells: 2/2 levels left

rFire   . . .        Y - +0 shortbow
rCold   . . .        (shield currently unavailable)
rNeg    . . .        c - +0 leather armour
rPois   .            (no helmet)
rElec   .            (no cloak)
rCorr   .            (no gloves)
SInv    .            (no boots)
Will    .....        (no amulet)
Stlth   ++           (no ring)
HPRegen 0.23/turn    (no ring)
MPRegen 0.09/turn

%: no passive effects
@: no status effects
A: no striking features
a: no special abilities


You were on level 2 of the Dungeon.
You visited 1 branch of the dungeon, and saw 2 of its levels.

You collected 30 gold pieces.


   Skills:
 - Level 1.5 Fighting
 + Level 7.1 Ranged Weapons
 - Level 2.4 Dodging
 - Level 1.2 Stealth


You had 2 spell levels left.
You didn't know any spells.
Your spell library was empty.

Inventory:

Hand Weapons
 Y - a +0 shortbow (weapon)
Armour
 c - a +0 leather armour (worn)
Scrolls
 a - a scroll of revelation {unknown}
 b - a scroll of identify {unknown}
 d - a scroll of noise {unknown}
Potions
 e - a potion of heal wounds {unknown}

Dungeon Overview and Level Annotations

Branches:
Dungeon (2/15)

Altars:


Message History

You shoot an arrow. The arrow hits the bat.
You kill the bat!
A worm and an adder come into view.
Enter note:
Enter note:
Enter note:
Enter note:
Enter note:
Enter note: You shoot an arrow.
The arrow hits the adder!
The adder hisses angrily.
The adder is severely wounded.
You shoot an arrow. The arrow hits the adder.
The adder is almost dead.
The adder misses you.
You shoot an arrow. The arrow hits the adder.
The adder is almost dead.
The adder barely misses you. The adder closely misses you.
You shoot an arrow. The arrow misses the adder.
The adder bites you. The worm bites you.
You shoot an arrow. The arrow hits the adder!
You kill the adder!
Your Ranged Weapons skill increases to level 7!
You shoot an arrow. The arrow hits the worm.
The worm is lightly wounded.
The worm closely misses you.
You shoot an arrow. The arrow hits the worm.
The worm is moderately wounded.
You shoot an arrow.
The arrow hits the worm but does no damage.
The worm is moderately wounded.
The worm bites you!
Ouch! That really hurt!
You shoot an arrow. The arrow barely misses the worm.
The worm closely misses you.
You shoot an arrow. The arrow barely misses the worm.
You shoot an arrow. The arrow barely misses the worm.
The worm bites you!
Ouch! That really hurt!
You die...

.#############.####.###
.# #......# .# #..#####
.# #..#.. .# #..#.# .#
#####..#.# .#
#......#.#
#.###.##.#####
#....@.....#
#.#.##w##.## .....# .#
...##.# .# ..... #.# .#
.... #.# .# ###' #.# ..
#. ##


You could see a worm.

Vanquished Creatures
  3 adders (D:2)
  A dart slug (D:2)
  2 endoplasms (D:2)
  3 goblins
  2 jackals (D:2)
  2 kobolds
  A quokka (D:1)
  A ball python (D:1)
  4 bats (D:2)
  3 frilled lizards
22 creatures vanquished.

Notes
Turn   | Place    | Note
-------+----------+-------------------------------------------
     0 | D:1      | qw the Deep Elf Hunter began the quest for the Orb.
     0 | D:1      | Reached XP level 1. HP: 12/12 MP: 3/3
     0 | D:1      | 0 ||| qw: Version: 0.3-a-9-g12657ce
     0 | D:1      | 0 ||| qw: Game counter: 1747
     0 | D:1      | 0 ||| qw: Always use a shield: true
     0 | D:1      | 0 ||| qw: God list: Okawaru
     0 | D:1      | 0 ||| qw: Allow faded altars: false
     0 | D:1      | 0 ||| qw: Do Orc after D:15 true
     0 | D:1      | 0 ||| qw: Do second Lair branch before Depths: true
     0 | D:1      | 0 ||| qw: Lair rune preference: random
     0 | D:1      | 0 ||| qw: Plans: Normal
     0 | D:1      | 0 ||| PLANNING D:1-11
   601 | D:1      | 601 ||| READING scroll labelled OCRUUL KEHAO.
   602 | D:1      | 602 ||| READING scroll labelled AHUEXI JOIS.
   603 | D:1      | 603 ||| READING scroll labelled IPONWA MOIFY.
   607 | D:1      | 607 ||| READING scroll labelled TIGROF ZOANGO.
   608 | D:1      | 608 ||| DRINKING 2 murky amethyst potions.
   609 | D:1      | 609 ||| DROPPING scroll of butterflies.
   610 | D:1      | 610 ||| DROPPING potion of attraction.
   664 | D:2      | Reached skill level 6 in Ranged Weapons
   664 | D:2      | Reached XP level 2. HP: 16/16 MP: 4/4
   709 | D:2      | 709 ||| FLEEEEING.
   759 | D:2      | Reached XP level 3. HP: 17/20 MP: 5/5
  1025 | D:2      | Reached skill level 7 in Ranged Weapons
  1027 | D:2      | HP: 4/20 [worm (11)]
  1030 | D:2      | Slain by a worm

Levels and vault maps discovered:
D:1:      zaba_arrival_water, layout_basic
D:2:      layout_basic

Skill      XL: |  1  2  3 |
---------------+----------+-----
Ranged Weapons | 6 7 |  7.1
Fighting       | |  1.5
Dodging        | |  2.4
Stealth        | |  1.2

Action                     || total
---------------------------++-------
   Fire: Shortbow          ||    68
    Use: Scroll            ||     4
         Potion            ||     1
 Armour: Leather armour    ||     4
  Dodge: Dodged            ||    26

Table legend:
 A = Non-vault XP
 B = Vault XP
 C = Vault XP percentage of total XP
 D = Non-vault monster count
 E = Vault monster count
 F = Vault count percentage of total count
                 A         B        C        D         E       F
            +---------+---------+-------+---------+---------+-------
      Total |      71 |       0 |   0.0 |      22 |       0 |   0.0
            +---------+---------+-------+---------+---------+-------
        D:1 |      10 |       0 |   0.0 |       6 |       0 |   0.0
        D:2 |      61 |       0 |   0.0 |      16 |       0 |   0.0
            +---------+---------+-------+---------+---------+-------
